 Dungeon Crawl Stone Soup version 0.21.1-1-g345015fe64 (webtiles) character file.

148171 Oravi the Slinger (level 18, -4/132 HPs)
             Began as a Halfling Hunter on Apr 20, 2018.
             Was a High Priest of Okawaru.
             Slain by a harpy (7 damage)
             ... summoned by Kirke
             ... on level 2 of the Swamp.
             The game lasted 03:23:35 (42350 turns).

Oravi the Slinger (Halfling Hunter)                Turns: 42350, Time: 03:23:38

Health: -4/132     AC:  0    Str: 14    XL:     18   Next: 10%
Magic:  0/23       EV: 29    Int:  9    God:    Okawaru [*****.]
Gold:   3563       SH:  0    Dex: 22    Spells: 17/17 levels left

rFire    . . .     SeeInvis +   (weapon currently unavailable)
rCold    . . .     Gourm    .   (shield currently unavailable)
rNeg     . . .     Faith    .   (armour currently unavailable)
rPois    .         Spirit   +   (helmet currently unavailable)
rElec    .         Reflect  .   (cloak currently unavailable)
rCorr    .         Harm     .   (gloves currently unavailable)
MR       +....                  (boots currently unavailable)
Stlth    +.........             i - amulet "Vehu" {Spirit SInv}
HPRegen  0.32/turn              (ring currently unavailable)
MPRegen  0.18/turn              (ring currently unavailable)

@: pig-form, very slow
A: small, mutation resistance 1
a: Heroism, Finesse, Renounce Religion


You were on level 2 of the Swamp.
You worshipped Okawaru.
Okawaru was extremely pleased with you.
You were not hungry.
You were a filthy swine.
You visited 5 branches of the dungeon, and saw 26 of its levels.
You also visited: Ice Cave and Volcano.

You collected 3563 gold pieces.

Inventory:

Hand Weapons
 a - a +6 hunting sling of venom
 b - the +9 short sword of Conscience (melded) {freeze, rPois rF+ rC+}
   (Okawaru gifted it to you on level 4 of the Lair of Beasts)

   It has been specially enchanted to freeze those struck by it, causing extra
   injury to most foes and up to half again as much damage against particularly
   susceptible opponents.
   It can also slow down cold-blooded creatures.
   It protects you from fire.
   It protects you from cold.
   It protects you from poison.
 j - a +2 rapier of speed
 N - a +1 rapier of venom
 U - the +5 hunting sling of Prescription {flame, *Corrode MR+ MP+9 Int+3}
   (You found it on level 6 of the Lair of Beasts)

   It causes projectiles fired from it to burn those they strike, causing extra
   injury to most foes and up to half again as much damage against particularly
   susceptible opponents.
   It affects your intelligence (+3).
   It affects your resistance to hostile enchantments.
   It affects your magic capacity (+9).
   It may corrode you when you take damage.
Missiles
 d - 265 sling bullets
 y - 183 stones (quivered)
Armour
 c - a +2 robe of magic resistance
 g - a +3 buckler
 q - the +0 pair of gloves of Boredom {rF+ Regen+ Int+3}
   (You found it on level 6 of the Lair of Beasts)

   It affects your intelligence (+3).
   It protects you from fire.
   It increases your rate of regeneration.
 r - a +1 leather armour of poison resistance
 v - the +0 steam dragon scales "Jasut" (melded) {Dex+4}
   (Okawaru gifted it to you on level 2 of the Orcish Mines)

   It affects your dexterity (+4).
 w - the +1 leather armour of Limited Liability {SInv}
   (You found it on level 4 of the Dungeon)

   It lets you see invisible.
 A - a +0 shield of reflection (melded)
 F - a scarf of repulsion (melded)
 X - a +2 pair of gloves (melded)
 Y - a +0 pair of boots of flying (melded)
Jewellery
 h - an uncursed ring of see invisible
 i - the amulet "Vehu" (around neck) {Spirit SInv}
   (You found it in an ice cave)

   [amulet of guardian spirit]

   It causes incoming damage to be split between your health and magic.
   It lets you see invisible.
 m - a +5 ring of dexterity (melded)
 u - a +2 ring of protection
 x - an uncursed ring of ice
 D - a ring of protection from magic (melded)
 K - an uncursed ring of poison resistance
 M - an uncursed ring of protection from fire
 P - an uncursed ring of fire
Wands
 o - a wand of iceblast (22)
 O - a wand of digging (41)
 W - a wand of scattershot (6)
 Z - a wand of paralysis (21)
Scrolls
 n - 3 scrolls of remove curse
 p - 4 scrolls of magic mapping
 s - 3 scrolls of teleportation
 z - 3 scrolls of silence
 G - 4 scrolls of identify
 J - a scroll of fear
 R - a scroll of fog
 S - a scroll of holy word
Potions
 e - 3 potions of agility
 k - a potion of ambrosia
 l - a potion of might
 C - 2 potions of curing
 E - 3 potions of haste
 L - a potion of cancellation
Comestibles
 f - 42 rations
 t - 2 chunks of flesh


   Skills:
 + Level 14.7 Fighting
 * Level 14.5 Short Blades
 + Level 14.9 Slings
 * Level 9.2 Armour
 * Level 14.2 Dodging
 - Level 1.1 Stealth
 * Level 14.0 Shields
 * Level 7.0 Invocations
 + Level 0.2 Evocations


You had 17 spell levels left.
You didn't know any spells.

Dungeon Overview and Level Annotations

Branches:
Dungeon (15/15)            Temple (1/1) D:6            Lair (6/6) D:8
  Swamp (2/4) Lair:3       Spider (0/4) Lair:4        Slime (0/5) Lair:6
    Orc (2/2) D:10            Elf (0/3) Orc:2        Vaults (0/5) D:13
 Depths (0/5) D:15

Altars:
Ashenzari
Cheibriados
Dithmenos
Elyvilon
Fedhas
Gozag
Hepliaklqana
Kikubaaqudgha
Makhleb
Nemelex Xobeh
Okawaru
Qazlal
Ru
Sif Muna
Trog
Uskayaw
Vehumet
Wu Jian
Xom
Yredelemnul
Zin
The Shining One
Beogh

Shops:
D:10 (   D:13 *   D:15 *   Orc:1 (   Orc:2 *[%*

Annotations:
D:12 death knight
Swamp:2 Kirke


Innate Abilities, Weirdness & Mutations

You are small and have problems with some larger weapons.
You are somewhat resistant to further mutation.


Message History

* * * LOW HITPOINT WARNING * * *
The harpy misses you. The harpy completely misses you. x2
The harpy completely misses you. The harpy claws you!
* * * LOW HITPOINT WARNING * * *
You feel better. The harpy closely misses you. x2
The harpy completely misses you. x2; The harpy misses you.
The harpy completely misses you. The alligator completely misses you.
The alligator misses you.
The harpy closely misses you. x2; The alligator completely misses you. x2
The sphinx casts a spell.
Something smites you!
* * * LOW HITPOINT WARNING * * *
You enter the shallow water.
Moving in this stuff is going to be slow.
You feel like a meek peon again.
The harpy screeches!
The vampire mosquito buzzes angrily.
The harpy completely misses you. The harpy misses you. The harpy claws you!
* * * LOW HITPOINT WARNING * * *
The harpy claws you!
You die...

♣♣... ♣♣≈@≈.♣♣ ♣♣....
♣♣♣.H≈≈≈≈♣ ♣≈....
♣≈.§≈≈≈≈.♣ ♣.≈≈≈.♣
♣♣..w≈≈≈≈.♣ ♣
♣.≈≈≈≈.♣♣..≈≈≈≈≈≈.♣
≈≈
♣♣...≈≈≈...≈≈≈≈≈≈≈♣♣
.≈
♣♣♣..≈≈≈.≈t..≈≈≈(≈.≈♣
.≈
♣.≈≈≈≈≈≈.♣H......≈≈.♣
.≈
♣.≈≈≈≈≈≈.hH≈..♣≈..≈.♣
..
♣≈.≈≈≈≈≈.≈≈≈≈♣♣♣≈≈♣♣♣
♣≈ ♣≈..≈≈≈..≈.≈≈≈.≈♣♣
♣≈ ♣≈.≈≈....≈≈≈≈≈≈≈..
≈. ♣≈..≈≈...≈y≈≈≈≈≈.≈
≈. ♣....<..≈≈≈≈≈≈≈≈..
≈. ♣≈.....♣..≈...≈≈≈.
≈ ♣.≈≈≈..♣♣♣......≈≈§
♣.≈≈≈.. ♣.≈≈.♣...≈≈ .


You could see a sphinx, an alligator, 2 harpies, a swamp worm and a vampire
mosquito.

Vanquished Creatures
  Saint Roka (Orc:2)
  Rupert (Lair:6)
  4 thorn hunters
  Donald (Swamp:2)
  A fire giant (D:12)
  2 orc warlords
  Louise (D:15)
  A stone giant (Orc:1)
  Snorg (Orc:2)
  A fire dragon (Lair:6)
  A yaktaur captain (D:15)
  A vault guard (D:13)
  2 ice dragons (IceCv)
  Fannar (Orc:2)
  10 hydras
  A catoblepas (D:15)
  A ghost crab (Swamp:2)
  An ogre mage (D:15)
  4 centaur warriors (D:15)
  Erica (D:10)
  6 alligators
  6 death yaks
  8 two-headed ogres
  8 orc high priests
  Nergalle (D:10)
  A deep elf knight (D:10)
  A sun demon (Volcano)
  Sonja (Orc:2)
  3 skeletal warriors (D:12)
  A spriggan druid (Swamp:2)
  A swamp dragon (Lair:6)
  An unseen horror (D:15)
  A phantasmal warrior (D:11)
  A lindwurm (Lair:4)
  7 orc knights (Orc:2)
  A deep elf mage (D:15)
  2 wolf spiders (Lair:6)
  A wolf spider zombie (D:15)
  2 manticores
  8 ugly things
  3 orc sorcerers
  5 cyclopes
  2 ice statues (IceCv)
  A guardian serpent (Lair:6)
  Maurice (Orc:1)
  2 torpor snails
  8 black mambas
  A centaur zombie (D:13)
  15 elephants
  4 gargoyles
  26 spiny frogs
  10 rime drakes
  The ghost of Burgietje the Skirmisher, a novice GrFi (D:4)
  A yaktaur (D:15)
  An efreet (D:13)
  5 komodo dragons
  A freezing wraith (D:14)
  A redback zombie (D:15)
  7 trolls
  3 tyrant leeches
  4 hornets
  2 polar bears (Lair:5)
  3 meliai (Lair:4)
  A queen bee (Lair:4)
  11 slime creatures
  A meliai zombie (D:11)
  9 dream sheep
  5 blink frogs (Lair:4)
  9 hippogriffs
  A shadow (Swamp:1)
  A tarantella (shapeshifter) (D:15)
  A vampire (D:14)
  4 redbacks
  3 wraiths
  Sigmund (D:2)
  21 wyverns
  2 humans
  51 yaks
  4 basilisks
  14 fire bats
  A human (shapeshifter) (D:14)
  7 hogs
  3 hungry ghosts
  Grum (Lair:1)
  11 vampire mosquitoes
  2 steam dragons
  Menkaure (D:6)
  6 insubstantial wisps (Swamp:1)
  9 swamp worms
  6 wargs
  4 soldier ants
  4 acid dragons
  24 water moccasins
  A hell hound (Volcano)
  7 porcupines
  6 swamp drakes
  44 orc warriors
  2 sky beasts
  19 ice beasts
  2 black bears (D:8)
  A necrophage (D:13)
  12 ogres
  4 phantoms
  5 wolves
  16 centaurs
  A big kobold (D:5)
  7 crocodiles
  An elf zombie (D:7)
  17 bullfrogs
  4 earth elementals (D:10)
  A wyvern zombie (D:13)
  2 elf skeletons (D:7)
  A scorpion (D:12)
  A wyvern skeleton (D:9)
  A water moccasin skeleton (D:7)
  46 killer bees
  8 wights
  4 howler monkeys
  7 crimson imps
  2 bullfrog zombies (D:12)
  8 lava snakes (Volcano)
  7 jellies
  2 bullfrog skeletons
  6 hounds
  33 orc priests
  A human skeleton (D:7)
  4 centaur skeletons
  8 iguanas
  12 worker ants
  29 orc wizards
  A killer bee zombie (D:10)
  2 worker ant zombies
  A howler monkey zombie (D:10)
  4 gnolls (D:6)
  7 adders
  2 river rats (D:8)
  4 shadow imps
  6 oozes
  7 worms
  3 dart slugs
  6 leopard geckos
  108 orcs
  3 ball pythons
  8 bats
  4 giant cockroaches
  7 goblins
  5 hobgoblins
  10 jackals
  4 quokkas
  4 frilled lizards
  10 kobolds
  2 orc zombies (D:7)
  6 rats
  3 plants (Lair:6)
972 creatures vanquished.

Vanquished Creatures (others)
  A spiny frog (Lair:6)
  A torpor snail (Lair:6)
  A water moccasin (Lair:6)
  An adder zombie (D:10)
  22 fungi
  26 plants
52 creatures vanquished.

Grand Total: 1024 creatures vanquished

Notes
Turn   | Place    | Note
-------+----------+-------------------------------------------
     0 | D:1      | Oravi the Halfling Hunter began the quest for the Orb.
     0 | D:1      | Reached XP level 1. HP: 14/14 MP: 1/1
    94 | D:1      | Reached XP level 2. HP: 19/19 MP: 2/2
   390 | D:1      | Reached XP level 3. HP: 13/24 MP: 3/3
   943 | D:2      | Noticed a wight
   952 | D:2      | Killed a wight
   952 | D:2      | Reached XP level 4. HP: 29/29 MP: 4/4
   955 | D:2      | Noticed Sigmund
   988 | D:2      | Reached XP level 5. HP: 27/34 MP: 5/5
  1050 | D:2      | Reached skill level 1 in Armour
  1088 | D:2      | Killed Sigmund
  1088 | D:2      | Reached XP level 6. HP: 41/41 MP: 6/6
  1285 | D:2      | Reached XP level 7. HP: 46/46 MP: 7/7
  2523 | D:4      | Noticed Burgietje's ghost (novice GrFi)
  2658 | D:4      | Reached skill level 10 in Slings
  2836 | D:4      | Got a steaming leather armour
  2847 | D:4      | Identified the cursed +1 leather armour of Limited Liability {SInv} (You found it on level 4 of the Dungeon)
  3178 | D:3      | Found a hazy altar of Hepliaklqana.
  3465 | D:5      | Entered Level 5 of the Dungeon
  3504 | D:5      | Reached XP level 8. HP: 54/54 MP: 8/8
  4534 | D:6      | Noticed Menkaure
  4537 | D:6      | Killed Menkaure
  4537 | D:6      | Reached skill level 5 in Dodging
  4768 | D:6      | Found a staircase to the Ecumenical Temple.
  4778 | Temple   | Entered the Ecumenical Temple
  4906 | Temple   | Became a worshipper of Warmaster Okawaru
  5181 | D:6      | Reached XP level 9. HP: 59/59 MP: 9/9
  5601 | D:7      | Noticed a moth of wrath
  5603 | D:7      | Found a bloodstained altar of Trog.
  5719 | D:7      | Reached skill level 5 in Fighting
  5719 | D:7      | Reached skill level 1 in Short Blades
  5719 | D:7      | Reached skill level 1 in Shields
  5912 | D:7      | Noticed a hornet
  5922 | D:7      | Killed a hornet
  5922 | D:7      | Reached * piety under Okawaru
  6301 | D:7      | Reached ** piety under Okawaru
  6304 | D:7      | Reached XP level 10. HP: 69/69 MP: 10/10
  6524 | D:8      | Found a hide-covered altar of Uskayaw.
  6631 | D:8      | Noticed a two-headed ogre
  6646 | D:8      | Killed a two-headed ogre
  6976 | D:8      | Noticed a death yak
  7145 | D:7      | Killed a death yak
  7145 | D:7      | Reached *** piety under Okawaru
  7145 | D:7      | Reached skill level 5 in Short Blades
  7309 | D:8      | Noticed a death yak
  7324 | D:8      | Noticed a death yak
  7394 | D:7      | Killed a death yak
  7394 | D:7      | Received a gift from Okawaru
  7394 | D:7      | Reached XP level 11. HP: 7/78 MP: 9/11
  7775 | D:7      | Killed a death yak
  7775 | D:7      | Received a gift from Okawaru
  7775 | D:7      | Reached skill level 1 in Invocations
  8052 | D:8      | Found a staircase to the Lair.
  8833 | D:9      | Noticed a two-headed ogre
  8856 | D:9      | Killed a two-headed ogre
  8856 | D:9      | Reached **** piety under Okawaru
  9026 | D:9      | Reached skill level 5 in Shields
  9268 | D:9      | Received a gift from Okawaru
  9495 | D:10     | Entered Level 10 of the Dungeon
  9567 | D:10     | Found Kest's Weapon Boutique.
  9582 | D:10     | Noticed Nergalle
  9645 | D:10     | Killed Nergalle
  9865 | D:10     | Noticed Erica
  9888 | D:10     | Killed Erica
 10186 | D:10     | Received a gift from Okawaru
 10219 | D:10     | Found a staircase to the Orcish Mines.
 10298 | D:10     | Reached XP level 12. HP: 87/87 MP: 13/13
 10893 | D:10     | Noticed a deep elf knight
 10903 | D:10     | Killed a deep elf knight
 11453 | D:11     | Reached skill level 10 in Fighting
 11896 | D:11     | Noticed a seven-headed hydra
 12051 | D:11     | Reached ***** piety under Okawaru
 12100 | D:11     | Received a gift from Okawaru
 12604 | D:11     | Found a shimmering altar of Xom.
 12606 | D:11     | Found a shimmering altar of Xom.
 12620 | D:11     | Found a shimmering altar of Xom.
 12633 | D:11     | Found a shimmering altar of Xom.
 12633 | D:11     | Found a shimmering altar of Xom.
 12982 | D:10     | Received a gift from Okawaru
 13157 | D:12     | Noticed a death knight
 13421 | D:11     | Killed a seven-headed hydra
 13514 | Lair:1   | Entered Level 1 of the Lair of Beasts
 13541 | D:8      | Received a gift from Okawaru
 14205 | Lair:1   | Noticed Grum
 14227 | Lair:1   | Killed Grum
 15211 | Lair:2   | Received a gift from Okawaru
 15339 | Lair:2   | Reached XP level 13. HP: 94/94 MP: 11/14
 15800 | Lair:1   | Reached skill level 10 in Dodging
 16433 | Lair:3   | Found a staircase to the Swamp.
 16439 | Lair:3   | Received a gift from Okawaru
 16919 | Lair:2   | Reached skill level 5 in Armour
 17361 | Lair:3   | Noticed a seven-headed hydra
 17372 | Lair:3   | Killed a seven-headed hydra
 17620 | Lair:3   | Reached skill level 10 in Short Blades
 18707 | Lair:4   | Received a gift from Okawaru
 19854 | Lair:4   | Received a gift from Okawaru
 20156 | Lair:4   | Reached XP level 14. HP: 100/103 MP: 16/16
 20312 | Lair:3   | Received a gift from Okawaru
 20436 | Lair:3   | Reached skill level 10 in Shields
 20732 | Lair:4   | Found a hole to the Spider Nest.
 20796 | Lair:4   | Received a gift from Okawaru
 20797 | Lair:4   | Got a faintly glowing short sword {god gift}
 20798 | Lair:4   | Identified the +9 short sword of Conscience {freeze, rPois rF+ rC+} (Okawaru gifted it to you on level 4 of the Lair of Beasts)
 21507 | Lair:4   | Found a bloodstained altar of Trog.
 22153 | Lair:5   | Received a gift from Okawaru
 23107 | Lair:5   | Received a gift from Okawaru
 23569 | Lair:6   | Entered Level 6 of the Lair of Beasts
 24227 | Lair:6   | Received a gift from Okawaru
 24233 | Lair:6   | Noticed Rupert
 24359 | Lair:6   | Got a twisted hunting sling
 24378 | Lair:6   | Identified the +5 hunting sling of Prescription {flame, *Corrode MR+ MP+9 Int+3} (You found it on level 6 of the Lair of Beasts)
 24554 | Lair:6   | Killed Rupert
 24554 | Lair:6   | Reached XP level 15. HP: 71/109 MP: 11/17
 25629 | Lair:6   | Found a staircase to the Slime Pits.
 25948 | Lair:6   | Received a gift from Okawaru
 26719 | Lair:6   | Got a pair of slimy gloves
 26730 | Lair:6   | Identified the +0 pair of gloves of Boredom {rF+ Regen+ Int+3} (You found it on level 6 of the Lair of Beasts)
 27539 | D:4      | Killed Burgietje's ghost
 27970 | D:12     | Noticed a fire giant
 27997 | D:12     | Killed a fire giant
 27997 | D:12     | Received a gift from Okawaru
 28004 | D:12     | Got a brightly glowing chain mail {god gift}
 29607 | D:13     | Found a sacrificial altar of Ru.
 29718 | D:13     | Found Taprab's General Store.
 29861 | D:13     | Found a gate to the Vaults.
 30274 | D:14     | Reached XP level 16. HP: 114/118 MP: 19/19
 30837 | D:14     | Found a frozen archway.
 30955 | D:14     | Identified the +7 chain mail of Filth {MR++ Str-4 SInv} (Okawaru gifted it to you on level 12 of the Dungeon)
 30966 | IceCv    | Entered an ice cave
 31607 | IceCv    | Got a sparkling golden amulet
 31614 | IceCv    | Identified the amulet "Vehu" {Spirit SInv} (You found it in an ice cave)
 32360 | D:15     | Entered Level 15 of the Dungeon
 32360 | D:15     | Found Ifuqoemn's Incredible Inventory.
 32370 | D:15     | Received a gift from Okawaru
 32778 | D:15     | HP: 5/118 [wolf spider zombie (3)]
 33266 | D:15     | Received a gift from Okawaru
 33302 | D:15     | Noticed Louise
 33395 | D:15     | Killed Louise
 33906 | D:15     | Received a gift from Okawaru
 34103 | D:15     | Found a staircase to the Depths.
 34334 | Orc:1    | Entered Level 1 of the Orcish Mines
 34334 | Orc:1    | Noticed Maurice
 34339 | Orc:1    | Killed Maurice
 34340 | Orc:1    | Found a transporter.
 34715 | Orc:1    | Found Roedocog's Weapon Shop.
 34845 | Orc:2    | Entered Level 2 of the Orcish Mines
 34955 | Orc:2    | Found a dark tunnel.
 34975 | Volcano  | Entered a volcano
 35057 | Volcano  | Reached skill level 5 in Invocations
 35347 | Volcano  | Found a radiant altar of Vehumet.
 35600 | Orc:2    | Found a staircase to the Elven Halls.
 35808 | Orc:2    | Noticed Saint Roka
 36606 | Orc:2    | Killed Saint Roka
 36606 | Orc:2    | Reached XP level 17. HP: 60/125 MP: 5/21
 36828 | Orc:2    | Found a roughly hewn altar of Beogh.
 37058 | Orc:2    | Received a gift from Okawaru
 37426 | Orc:2    | Received a gift from Okawaru
 37728 | Orc:2    | Noticed Sonja
 37735 | Orc:2    | Killed Sonja
 37925 | Orc:2    | Found Arecs's Assorted Antiques.
 37926 | Orc:2    | Found Soqijaus's Assorted Antiques.
 37926 | Orc:2    | Found Mounloha's Food Shoppe.
 37927 | Orc:2    | Found Hysihel's Antique Armour Emporium.
 38106 | Orc:1    | Noticed Snorg
 38176 | Orc:1    | Noticed Fannar
 38262 | Orc:2    | Killed Snorg
 38290 | Orc:2    | Received a gift from Okawaru
 38306 | Orc:2    | Got amber-encrusted steam dragon scales {god gift}
 38317 | Orc:2    | Identified the +0 steam dragon scales "Jasut" {Dex+4} (Okawaru gifted it to you on level 2 of the Orcish Mines)
 38669 | Orc:2    | Killed Fannar
 39229 | Orc:1    | Found the cursed +14 obsidian axe {chop, +Fly SInv *Curse}
 39233 | Orc:1    | Found a roughly hewn altar of Beogh.
 39236 | Orc:1    | Found a transporter.
 39713 | Orc:1    | Identified the Handbook of Necromancy
 39962 | Swamp:1  | Entered Level 1 of the Swamp
 40754 | Swamp:1  | You are sucked into a shaft!
 40804 | Swamp:2  | Noticed Donald
 40817 | Swamp:2  | Killed Donald
 41660 | Swamp:2  | Noticed a thorn hunter
 41674 | Swamp:2  | Killed a thorn hunter
 41904 | Swamp:2  | Noticed a thorn hunter
 41907 | Swamp:2  | Noticed a thorn hunter
 41922 | Swamp:2  | Noticed a thorn hunter
 41940 | Swamp:1  | Killed a thorn hunter
 41940 | Swamp:1  | Received a gift from Okawaru
 41940 | Swamp:1  | Reached XP level 18. HP: 56/132 MP: 9/23
 42302 | Swamp:2  | Noticed Kirke
 42350 | Swamp:2  | HP: 3/132 [harpy[Kirke] (10)]
 42350 | Swamp:2  | Slain by a harpy

Skill      XL: |  1  2  3  4  5  6  7  8  9 10 11 12 13 14 15 16 17 18 |
---------------+-------------------------------------------------------+-----
Slings         | 6 7 9 10 12 13 14 | 14.9
Fighting       | 2 3 4 6 8 9 10 12 13 14 | 14.7
Dodging        | 3 4 5 6 7 8 9 10 12 13 14 | 14.2
Armour         | 1 2 3 4 5 6 8 9 |  9.2
Short Blades   | 3 5 7 9 10 12 13 14 | 14.5
Shields        | 1 3 6 8 9 11 12 13 14 | 14.0
Invocations    | 2 3 4 5 6 7 |  7.0
Stealth        | |  1.1
Evocations     | |  0.2

Action                   |  1- 3 |  4- 6 |  7- 9 | 10-12 | 13-15 | 16-18 || total
-------------------------+-------+-------+-------+-------+-------+-------++-------
Melee: Dagger            |       |       |       |   360 |   554 |       ||   914
       Short sword       |       |       |       |       |   722 |   415 ||  1137
       Unarmed           |       |       |       |       |       |     3 ||     3
 Fire: Hunting sling     |    48 |    69 |   473 |  1007 |  1393 |  2048 ||  5038
Invok: Heroism           |       |       |       |    29 |    28 |    28 ||    85
       Finesse           |       |       |       |       |     5 |     7 ||    12
Evoke: Wand              |       |       |       |       |       |     4 ||     4
  Use: Scroll            |     5 |       |    13 |     8 |    12 |    15 ||    53
       Potion            |       |       |     1 |     2 |     6 |    11 ||    20
 Stab: Distracted        |       |       |       |     1 |       |       ||     1
       Paralysed         |       |       |       |       |       |     1 ||     1
       Sleeping          |       |       |       |       |       |     1 ||     1
  Eat: Chunk             |       |     1 |    14 |    19 |    34 |    26 ||    94
       Ration            |       |       |       |     3 |     3 |     3 ||     9
Armor: Leather armour    |     3 |     2 |     5 |    39 |   105 |    51 ||   205
       Steam dragon scal |       |       |       |       |       |    29 ||    29
Dodge: Dodged            |     4 |     7 |    53 |   360 |   887 |   901 ||  2212
       Deflected         |       |       |       |    14 |     7 |    27 ||    48
Block: Buckler           |       |       |    34 |   293 |   718 |   620 ||  1665
       Shield            |       |       |       |       |       |   107 ||   107
       Reflection        |       |       |       |       |       |     3 ||     3
